Get step-by-step instructions on how to execute this build order below. Start the game timer, and the build order will tick by so you can play in parallel with StarCraft on a second screen or mobile device.

Game Time

  0:00

Last Step

  N/A

Next Step

Upcoming Step



Don't want to look back and forth between 2 screens? Try out our Overwolf App, the Spawning Tool Build Advisor to get an in-game overlay with this build!

Complete Build Order

  12  0:10  Pylon  
  12  0:24  Pylon  
  12  0:25  Pylon  
  12  0:41  Pylon  
  12  0:50  Pylon  
  12  0:53  Pylon  
  12  1:27  Pylon  
  12  1:28  Pylon  
  12  1:29  Pylon  
  12  1:42  Pylon x2  
  12  1:45  Pylon  
  12  2:08  Pylon  
  12  2:27  Gateway